 Dungeon Crawl Stone Soup version 0.18.1-47-g9310371 (webtiles) character file.

3994 KrisztiCat the Thaumaturge (level 10, -16/58 HPs)
             Began as a Gargoyle Earth Elementalist on June 18, 2016.
             Was an Initiate of Vehumet.
             Demolished by Feta's ghost (17 damage)
             ... on level 9 of the Dungeon.
             The game lasted 00:57:51 (7587 turns).

KrisztiCat the Thaumaturge (GrEE)                   Turns: 7587, Time: 00:57:52

Health: -16/58     AC: 18    Str: 18    XL:     10   Next: 23%
Magic:  12/22      EV: 12    Int: 18    God:    Vehumet [......]
Gold:   288        SH:  0    Dex: 10    Spells: 3 memorised, 17 levels left

rFire  x . .     SeeInvis .     p - +3 flail (crush)
rCold  + . .     Gourm    .     a - +0 robe
rNeg   + . .     Faith    .     (no shield)
rPois  ∞         Spirit   .     q - +1 helmet
rElec  +         Dismiss  .     i - +1 cloak
rCorr  .         Reflect  .     (no gloves)
SustAt .         Harm     .     (no boots)
MR     .....                    t - amulet of regeneration
Stlth  ++........               s - ring of ice
                                e - +5 ring of protection

@: mighty, very slightly contaminated, invisible, not resistant to hostile
enchantments, unstealthy
A: negative energy resistance 1, electricity resistance, unbreathing,
petrification resistance, rot immunity, AC +7
a: Renounce Religion


You were on level 9 of the Dungeon.
You worshipped Vehumet.
Vehumet was noncommittal.
You were not hungry.

You visited 2 branches of the dungeon, and saw 11 of its levels.

You collected 288 gold pieces.

Inventory:

Hand Weapons
 p - a +3 flail of crushing (weapon)
Missiles
 b - 264 stones (quivered)
Armour
 a - a +0 robe (worn)
 i - a +1 cloak (worn)
 q - a +1 helmet (worn)
Jewellery
 e - a +5 ring of protection (left hand)
 s - a ring of ice (right hand)
 t - an amulet of regeneration (around neck)
 u - an uncursed ring of sustain attributes
Wands
 k - a wand of confusion (26/48)
 A - a wand of lightning (6/15)
Scrolls
 h - a scroll of magic mapping
 n - 3 scrolls of amnesia
 o - 4 scrolls of identify
 v - a scroll of teleportation
 w - a scroll of immolation
 y - 2 scrolls of fog
 z - a scroll of enchant armour
 D - a scroll of recharging
Potions
 m - a potion of flight
 r - 2 potions of brilliance
Books
 c - a book of Geomancy

   Spells                             Type                      Level
   a - Sandblast                      Earth                        1
   b - Passwall                       Transmutation/Earth          2
   c - Stone Arrow                    Conjuration/Earth            3
   d - Petrify                        Transmutation/Earth          4
   e - Lee's Rapid Deconstruction     Earth                        5
 E - a book of Maledictions

   Spells                             Type                      Level
   a - Corona                         Hexes                        1
   b - Ensorcelled Hibernation        Hexes/Ice                    2
   c - Confuse                        Hexes                        3
   d - Tukima's Dance                 Hexes                        3
   e - Dazzling Spray                 Conjuration/Hexes            3
Comestibles
 d - 13 bread rations
 f - 4 meat rations
 g - 3 slices of pizza
 l - 9 beef jerkies
 x - 5 chunks of flesh


   Skills:
 + Level 4.3 Fighting
 + Level 3.6 Maces & Flails
 + Level 3.9 Armour
 + Level 3.3 Dodging
 - Level 2.1 Stealth
 * Level 8.8 Spellcasting
 + Level 3.9 Conjurations
   Level 0.7 Transmutations
 + Level 8.4 Earth Magic
 + Level 2.1 Evocations


You had 17 spell levels left.
You knew the following spells:

 Your Spells              Type           Power        Failure   Level  Hunger
a - Sandblast             Erth           #####.       1%          1    None
b - Stone Arrow           Conj/Erth      ####..       2%          3    None
c - Lee's Rapid Deconstr  Erth           #####.....   10%         5    #####..


Dungeon Overview and Level Annotations

Branches:
Dungeon (10/15)            Temple (1/1) D:4
   Lair: D:8-11         Orc: D:9-12

Altars:
Ashenzari
Cheibriados
Dithmenos
Elyvilon
Fedhas
Gozag
Kikubaaqudgha
Makhleb
Nemelex Xobeh
Okawaru
Pakellas
Qazlal
Ru
Sif Muna
Trog
Vehumet
Xom
Yredelemnul
Zin
The Shining One

Annotations:
D:9 Feta's ghost, journeyman FoFi; Joseph


Innate Abilities, Weirdness & Mutations

You are resistant to torment.
Your stone body is resilient (AC +7).
You are immune to poison.
You resist negative energy.
You are resistant to electric shocks.
You can survive without breathing.
You are immune to petrification.
You are immune to rotting.


Message History

Joseph shouts, "I love to fight!
I love killing!"
Joseph shoots a sling bullet.
The sling bullet hits you but does no damage.
You hit Feta's ghost but do no damage.
Feta's ghost is moderately damaged.
Feta's ghost barely misses you.
You hit Feta's ghost.
Feta's ghost is moderately damaged.
Feta's ghost hits you!
* * * LOW HITPOINT WARNING * * *
x2 Drink which item? (? for menu, Esc to quit)
You fade into invisibility!
Feta's ghost hits you but does no damage.
You are very lightly contaminated with residual magic.
You closely miss Feta's ghost.
Feta's ghost is moderately damaged.
Feta's ghost hits you!
* * * LOW HITPOINT WARNING * * *
x2 Feta's ghost hits you!
You die...

........_##.# ##...#
##.##..)##..# #
##.....
#♣.♣##⌠##...### .#
##......
##.#####......###.#
####.......
.'...............#
..@ +.......
.####.........#.##
..# #....... ##
##.##...##.## #.#
#...@.. #
####...###.###.#
##..... #.### ##@#.#
##...# #.# ##W#
##'## #.# #.# #W#
#.# #.# ########.#
### #.#
####.#####........##
...# #.#
#.......##.#####W..#
.#.#
#.......##.#........
.#.###
#.......##..###....#
...... #.......W..##
##..##


You could see Feta's ghost.

Vanquished Creatures
  Erolcha (D:8)
  A manticore (D:8)
  Psyche (D:8)
  A two-headed ogre (D:8)
  3 hippogriffs
  An ice beast (D:9)
  A necrophage (D:7)
  A sky beast (D:8)
  5 ogres
  A phantom (D:4)
  3 giant frogs (D:7)
  A scorpion (D:5)
  A howler monkey (D:9)
  A crimson imp (D:6)
  2 jellies
  3 giant frog zombies
  2 giant frog skeletons (D:4)
  4 hounds
  2 orc priests
  A centaur skeleton (D:6)
  4 orc wizards
  5 worker ants
  4 gnolls (D:5)
  14 adders
  3 shadow imps
  An ooze (D:2)
  3 adder zombies
  A worm (D:3)
  2 dart slugs
  6 giant geckos
  30 orcs
  11 bats
  4 giant cockroaches
  5 goblins
  8 hobgoblins
  12 jackals
  7 kobolds
  3 quokkas
  2 ball pythons
  8 giant newts
  6 rats
175 creatures vanquished.

Notes
Turn   | Place    | Note
--------------------------------------------------------------
     0 | D:1      | KrisztiCat the Gargoyle Earth Elementalist began the quest for the Orb.
     0 | D:1      | Reached XP level 1. HP: 10/10 MP: 3/3
    73 | D:1      | Reached XP level 2. HP: 9/15 MP: 0/5
   338 | D:1      | Reached XP level 3. HP: 14/19 MP: 1/7
  1111 | D:2      | Reached XP level 4. HP: 24/24 MP: 3/9
  1225 | D:2      | Found a snail-covered altar of Cheibriados.
  1448 | D:2      | Found a sacrificial altar of Ru.
  1786 | D:3      | Reached XP level 5. HP: 28/28 MP: 6/11
  2040 | D:3      | Reached skill level 5 in Earth Magic
  2341 | D:3      | Found a white marble altar of Elyvilon.
  2654 | D:5      | Entered Level 5 of the Dungeon
  2697 | D:4      | Found a staircase to the Ecumenical Temple.
  2706 | Temple   | Entered the Ecumenical Temple
  2825 | D:4      | Found Lazxec's Jewellery Shoppe.
  2837 | D:4      | Reached XP level 6. HP: 28/32 MP: 5/13
  2983 | D:4      | Noticed a phantom
  2995 | D:4      | Killed a phantom
  2995 | D:4      | Reached skill level 5 in Spellcasting
  3236 | D:5      | Reached XP level 7. HP: 28/36 MP: 15/15
  3701 | D:5      | You fall through a shaft for 2 floors!
  3752 | D:7      | Reached XP level 8. HP: 18/41 MP: 16/18
  3912 | D:5      | Learned a level 3 spell: Stone Arrow
  4255 | D:5      | Reached skill level 1 in Fighting
  4258 | D:5      | Reached skill level 1 in Conjurations
  4435 | D:6      | Reached skill level 1 in Maces & Flails
  4435 | D:6      | Reached skill level 1 in Armour
  4487 | D:6      | Found an oddly glowing altar of Pakellas.
  5159 | D:7      | Reached XP level 9. HP: 49/49 MP: 13/20
  5251 | D:7      | Found a shadowy altar of Dithmenos.
  5252 | D:7      | Found a radiant altar of Vehumet.
  5252 | D:7      | Found an opulent altar of Gozag.
  5253 | D:7      | Found a glowing silver altar of Zin.
  5253 | D:7      | Found a shimmering altar of Xom.
  5269 | D:7      | Became a worshipper of Vehumet
  5734 | D:8      | Noticed a two-headed ogre
  5739 | D:8      | Killed a two-headed ogre
  5792 | D:8      | Noticed Erolcha
  5799 | D:8      | Killed Erolcha
  5799 | D:8      | Reached skill level 1 in Evocations
  5900 | D:8      | Noticed Psyche
  5905 | D:8      | Killed Psyche
  6109 | D:8      | Noticed a manticore
  6140 | D:8      | Killed a manticore
  6140 | D:8      | Reached XP level 10. HP: 3/56 MP: 1/22
  6303 | D:8      | Learned a level 5 spell: Lee's Rapid Deconstruction
  6602 | D:10     | Entered Level 10 of the Dungeon
  7273 | D:9      | Noticed Feta's ghost (journeyman FoFi)
  7288 | D:9      | Noticed Joseph
  7537 | D:9      | Found an iron altar of Okawaru.
  7537 | D:9      | Found a sacrificial altar of Ru.
  7587 | D:9      | HP: 1/58 [Feta's ghost (3)]
  7587 | D:9      | Demolished by Feta's ghost

Skill      XL: |  1  2  3  4  5  6  7  8  9 10 |
---------------+-------------------------------+-----
Earth Magic    | 4 5 7 8 |  8.4
Spellcasting   | 3 4 5 7 8 |  8.8
Fighting       | 2 4 |  4.3
Conjurations   | 2 3 |  3.9
Maces & Flails | 1 3 |  3.6
Armour         | 2 3 |  3.9
Dodging        | 2 3 |  3.3
Evocations     | 1 2 |  2.1
Stealth        | |  2.1
Transmutations | |  0.7

Action                   |  1- 3 |  4- 6 |  7- 9 | 10-12 || total
-------------------------+-------+-------+-------+-------++-------
Melee: Dagger            |    37 |   108 |       |       ||   145
       Unarmed           |     4 |       |       |       ||     4
       Flail             |       |    27 |    97 |    23 ||   147
 Cast: Sandblast         |    51 |   137 |    98 |     4 ||   290
       Stone Arrow       |       |       |    27 |    26 ||    53
Evoke: Wand              |       |       |       |     9 ||     9
  Use: Scroll            |       |    11 |     8 |     7 ||    26
       Potion            |       |       |     5 |     3 ||     8
 Stab: Distracted        |     1 |       |       |       ||     1
       Sleeping          |       |       |     1 |       ||     1
  Eat: Chunk             |     1 |     7 |     7 |     2 ||    17
       Pizza             |       |       |     1 |       ||     1
       Fruit             |       |       |       |     4 ||     4
Armor: Robe              |    31 |    85 |    96 |    24 ||   236
Dodge: Dodged            |    60 |   155 |   148 |    21 ||   384
